 Dungeon Crawl Stone Soup version 0.24-a0-291-g79c1ce7 (webtiles) character file.

Game seed: 11400416258881490845

385 theanonym the Cleaver (level 6, 0/76 HPs)
             Began as a Hill Orc Fighter on May 10, 2019.
             Was a Follower of Makhleb.
             Slain by a killer bee (2 damage)
             ... on level 4 of the Dungeon.
             The game lasted 00:04:08 (3128 turns).

theanonym the Cleaver (Hill Orc Fighter)            Turns: 3128, Time: 00:04:09

Health: 0/76       AC: 23    Str: 23 (26) XL:     6   Next: 77%
Magic:  6/6        EV:  2    Int: 11 (13) God:    Makhleb [*.....]
Gold:   180        SH:  9    Dex:  9 (10) Spells: 5/5 levels left

rFire    . . .     SeeInvis .   a - +1 war axe
rCold    . . .     Gourm    .   c - +0 shield
rNeg     + + +     Faith    .   (armour currently unavailable)
rPois    +         Spirit   .   (helmet currently unavailable)
rElec    .         Reflect  .   (cloak currently unavailable)
rCorr    .         Harm     .   (gloves currently unavailable)
MR       .....     NoTele   +   (boots currently unavailable)
Stlth    +.........             (no amulet)
HPRegen  0.22/turn              d - -3 ring of slaying (curse)
MPRegen  0.10/turn              (no ring)

@: mighty, brilliant, lethally poisoned (0 -> -4), tree-form
A: no striking features
a: Renounce Religion


   Skills:
 - Level 3.6 Fighting
 + Level 9.2 Axes
 - Level 3.2 Armour
 - Level 3.2 Shields


You had 5 spell levels left.
You didn't know any spells.
Your spell library contained the following spells:

 Spells                   Type           Power        Failure   Level  Hunger
 Animate Skeleton         Necr           N/A          17%         1    ##.....
 Apportation              Tloc           #.....       17%         1    ##.....
 Confusing Touch          Hex            #.....       17%         1    ##.....
 Summon Small Mammal      Summ           #...         17%         1    ##.....

Skill      XL: |  1  2  3  4  5  6 |
---------------+-------------------+-----
Axes           | 3 4 5 6 8 9 |  9.2
Fighting       | |  3.6
Armour         | |  3.2
Shields        | |  3.2

Action                   |  1- 3 |  4- 6 || total
-------------------------+-------+-------++-------
Melee: War axe           |    92 |   249 ||   341
  Use: Scroll            |     1 |     2 ||     3
       Potion            |       |    10 ||    10
  Eat: Chunk             |     1 |     6 ||     7
Armor: Scale mail        |    54 |    11 ||    65
       Crystal plate arm |       |   244 ||   244
       Skin              |       |     2 ||     2
Dodge: Dodged            |    28 |    11 ||    39
Block: Shield            |    68 |   138 ||   206

Inventory:

Hand Weapons
 a - a +1 war axe (weapon)
Missiles
 p - a throwing net (quivered)
Armour
 c - a +0 shield (worn)
 i - a +0 cloak (melded)
 o - a +0 pair of boots (melded)
 q - a +0 crystal plate armour (melded)
 z - a +0 pair of gloves
Jewellery
 d - a cursed -3 ring of slaying (left branch)
 g - an uncursed amulet of guardian spirit {unknown}
Wands
 v - a wand of iceblast (4)
Scrolls
 f - a scroll of fog
 j - a scroll of enchant weapon
 n - 2 scrolls of remove curse
 r - 2 scrolls of teleportation {unknown}
 t - a scroll of fear {unknown}
 y - a scroll of magic mapping {unknown}
Potions
 h - a potion of haste
 k - 2 potions of flight
 x - a potion of berserk rage {unknown}
Comestibles
 e - 8 rations


You were on level 4 of the Dungeon.
You worshipped Makhleb.
Makhleb was aware of your devotion.
You were hungry.
You were a tree.
You visited 1 branch of the dungeon, and saw 4 of its levels.

You collected 180 gold pieces.

Dungeon Overview and Level Annotations

Branches:
Dungeon (4/15)
 Temple: D:4-7

Altars:
Gozag
Kikubaaqudgha
Makhleb
Trog
Vehumet

######### #.....(..
#############.######.
#..y♣........[# #.
#.############# #. #.
#. .. # #. .## . ..#
#. #. $# .## #.# #.
#.#.# #.####.### #.
... #........# #.
###.# ##..#
#.#(#######.


You could see a killer bee.

Notes
Turn   | Place    | Note
-------+----------+-------------------------------------------
     0 | D:1      | theanonym the Hill Orc Fighter began the quest for the Orb.
     0 | D:1      | Reached XP level 1. HP: 19/19 MP: 1/1
    64 | D:1      | Reached skill level 3 in Axes
   172 | D:1      | Reached XP level 2. HP: 21/26 MP: 2/2
   262 | D:1      | Reached skill level 4 in Axes
   661 | D:1      | Reached XP level 3. HP: 31/31 MP: 3/3
   949 | D:2      | Reached skill level 5 in Axes
  1018 | D:2      | Found an opulent altar of Gozag.
  1019 | D:2      | Found an ancient bone altar of Kikubaaqudgha.
  1248 | D:2      | Found a radiant altar of Vehumet.
  1248 | D:2      | Found a burning altar of Makhleb.
  1463 | D:3      | Reached XP level 4. HP: 33/39 MP: 4/4
  1489 | D:3      | Noticed a sky beast
  1494 | D:3      | HP: 14/39 [sky beast (6)]
  1724 | D:2      | Became a worshipper of Makhleb the Destroyer
  1766 | D:3      | Reached skill level 6 in Axes
  1775 | D:3      | HP: 19/39 [gnoll/+0 halberd (4)]
  1781 | D:3      | Reached XP level 5. HP: 20/45 MP: 5/5
  1781 | D:3      | HP: 19/45 [poisoned by an adder]
  1787 | D:3      | HP: 17/45 [poisoned by an adder]
  1794 | D:3      | HP: 16/45 [poisoned by an adder]
  2052 | D:3      | Reached skill level 7 in Axes
  2066 | D:3      | Noticed a moth of wrath
  2069 | D:3      | Found a bloodstained altar of Trog.
  2079 | D:3      | HP: 21/45 [worm (4)]
  2093 | D:3      | HP: 20/45 [worm (4)]
  2304 | D:3      | HP: 17/45 [something (6)]
  2314 | D:3      | HP: 17/45 [sky beast (2)]
  2324 | D:3      | HP: 13/45 [something (1)]
  2328 | D:3      | Killed a sky beast
  2328 | D:3      | Reached skill level 8 in Axes
  2328 | D:3      | Reached XP level 6. HP: 9/51 MP: 6/6
  2616 | D:4      | Reached * piety under Makhleb
  3067 | D:4      | HP: 24/51 [killer bee (4)]
  3082 | D:4      | HP: 25/51 [killer bee (2)]
  3087 | D:4      | HP: 21/51 [killer bee (3)]
  3092 | D:4      | HP: 18/51 [killer bee (3)]
  3097 | D:4      | HP: 11/51 [killer bee (5)]
  3104 | D:4      | HP: 9/51 [poisoned by a killer bee]
  3108 | D:4      | HP: 4/51 [killer bee (4)]
  3116 | D:4      | HP: 10/51 [killer bee (2)]
  3117 | D:4      | Reached skill level 9 in Axes
  3122 | D:4      | HP: 8/51 [poisoned by a killer bee]
  3125 | D:4      | HP: 2/51 [killer bee (3)]
  3128 | D:4      | Slain by a killer bee

Vanquished Creatures
  A sky beast (D:3)
  2 killer bees (D:4)
  A centaur zombie (D:3)
  A worker ant (D:4)
  4 gnolls (D:3)
  5 adders
  4 worms
  A dart slug (D:1)
  A leopard gecko (D:3)
  3 orcs (D:4)
  A ball python (D:3)
  6 bats
  2 giant cockroaches
  A goblin (D:3)
  7 hobgoblins
  2 jackals (D:1)
  2 kobolds (D:1)
  3 frilled lizards
  A jackal skeleton (D:4)
  6 rats
54 creatures vanquished.

Vanquished Creatures (others)
  A goblin (D:3)
1 creature vanquished.

Grand Total: 55 creatures vanquished

Table legend:
 A = Turns spent in this place as a percentage of turns spent in the entire game.
 B = Non-inter-level travel turns spent in this place as a percentage of non-inter-level travel turns spent in the entire game.
 C = Inter-level travel turns spent in this place as a percentage of turns spent in this place.
 D = Turns resting spent in this place as a percentage of non-inter-level travel turns spent in this place.
 E = Turns spent auto-exploring this place as a percentage of non-inter-level travel turns spent in this place.
 F = Non-inter-level travel turns spent in this place divided by the number of levels of this place that you've seen.
                   A       B       C       D       E      F
               +-------+-------+-------+-------+-------+----------------------
         Total | 100.0 | 100.0 |   4.7 |  15.4 |  66.1 | 745.0
       Dungeon | 100.0 | 100.0 |   4.7 |  15.4 |  66.1 | 745.0
               +-------+-------+-------+-------+-------+----------------------
